 Dungeon Crawl Stone Soup version 0.23.0-28-g6fe0f4dc8b (webtiles) character file.

Game seed: 15628234895590116411

4797 Marnok the Cleaver (level 10, -13/88 HPs)
             Began as a Minotaur Fighter on Feb 25, 2019.
             Was a Priest of Qazlal.
             Killed by divine providence
             ... invoked by an orc priest
              (14 damage)
             ... on level 2 of the Orcish Mines.
             The game lasted 00:38:19 (5961 turns).

Marnok the Cleaver (Minotaur Fighter)               Turns: 5961, Time: 00:38:20

Health: -13/88     AC: 15    Str: 22 (24) XL:     10   Next: 24%
Magic:  9/9        EV: 11    Int:  3 (5)  God:    Qazlal [***...]
Gold:   638        SH: 15    Dex:  9 (10) Spells: 9/9 levels left

rFire    + . .     SeeInvis .   p - +0 broad axe
rCold    x . .     Gourm    .   c - +0 shield
rNeg     . . .     Faith    .   t - +4 scale mail
rPois    .         Spirit   .   (helmet restricted)
rElec    .         Reflect  .   q - +0 cloak
rCorr    .         Harm     .   (no gloves)
MR       .....                  (no boots)
Stlth    ..........             m - amulet of regeneration
HPRegen  0.64/turn              e - ring of fire
MPRegen  0.11/turn              (no ring)

@: about to teleport
A: retaliatory headbutt, horns 2, slimy green scales 1, deterioration 1, wild
magic 1, sturdy frame 1
a: Upheaval, Elemental Force, Renounce Religion


You were on level 2 of the Orcish Mines.
You worshipped Qazlal.
Qazlal was most pleased with you.
You were hungry.

You visited 3 branches of the dungeon, and saw 13 of its levels.

You collected 638 gold pieces.

Inventory:

Hand Weapons
 a - a +1 war axe
 b - a +3 dagger of chaos
 k - a +0 mace of protection
 n - a +0 battleaxe
 p - a +0 broad axe (weapon)
 w - a +2 quarterstaff of chaos
 z - a +1 whip of freezing
 A - a +0 falchion of slicing
Missiles
 l - 5 tomahawks (quivered)
Armour
 c - a +0 shield (worn)
 q - a +0 cloak (worn)
 t - a +4 scale mail (worn)
 E - a +0 troll leather armour
Jewellery
 e - a ring of fire (left hand)
 m - an amulet of regeneration (around neck)
Wands
 d - a wand of flame (7)
 x - a wand of paralysis (8)
 G - a wand of iceblast (18)
Scrolls
 g - a scroll of summoning
 h - 3 scrolls of teleportation
 i - 6 scrolls of remove curse
 j - a scroll of identify
 s - 2 scrolls of fog
 v - a scroll of enchant armour
 y - a scroll of blinking
 B - a scroll of fear
Potions
 r - a potion of curing
 D - 2 potions of agility
Comestibles
 f - 15 rations
 u - 13 chunks of flesh


   Skills:
 + Level 8.1 Fighting
 + Level 11.4 Axes
 + Level 7.2 Armour
 + Level 4.9 Dodging
 + Level 1.0 Stealth
 + Level 9.2 Shields


You had 9 spell levels left.
You didn't know any spells.
Your spell library contained the following spells:

 Spells                   Type           Power        Failure   Level  Hunger
 Sandblast                Erth           #.....       95%         1    ##.....
 Passwall                 Tmut/Erth      #.......     99%         2    ###....
 Stone Arrow              Conj/Erth      #.....       100%        3    ####...
 Petrify                  Tmut/Erth      #.......     100%        4    #####..
 Lee's Rapid Deconstruct  Erth           #.........   100%        5    ######.


Dungeon Overview and Level Annotations

Branches:
Dungeon (10/15)            Temple (1/1) D:4             Orc (2/2) D:9
    Elf (0/3) Orc:2
   Lair: D:8-11

Altars:
Fedhas
Nemelex Xobeh
Okawaru
Qazlal
Ru
Sif Muna
Vehumet
Yredelemnul


Innate Abilities, Weirdness & Mutations

You reflexively headbutt those who attack you in melee.
You have a pair of horns on your head.
You are partially covered in slimy green scales. (AC +2)
Your body sometimes deteriorates upon taking damage.
Your spells are a little harder to cast, but a little more powerful.
Your movements are slightly less encumbered by armour. (ER -2)


Message History

The orc warrior throws a tomahawk.
You block the tomahawk.
The orc wizard mumbles some strange words.
The orc wizard blinks!
The orc priest calls down the wrath of Beogh upon you.
Beogh smites you!
* * * LOW HITPOINT WARNING * * *
The orc priest hits you but does no damage.
The orc priest looks satisfied for a moment.
As you read the scroll of teleportation, it crumbles to dust.
You feel strangely unstable.
The orc warrior throws a tomahawk.
The tomahawk hits you but does no damage.
The orc warrior closely misses you.
The orc knight hits you with a +0 long sword!
* * * LOW HITPOINT WARNING * * *
The orc priest mumbles some strange prayers to Beogh against you.
Pain shoots through your body!
* * * LOW HITPOINT WARNING * * *
The orc priest invokes the aid of Beogh against you.
Beogh smites you!
You die...

..#...#.o.oOo..,,*,,,,,,,*,,,,,,,
...$....................,*,,,,,,,
..#.....................*,,,,,,,,
..............#........o**,,,,,,,
....<...................,*,,,,,,,
.....(..................***,,,,,,
......(......oo.oo....##* **,,,,,
#...#....#...ooo.......#* *,,,*,,
$.........o(oooo@☼......***,,,*,,
.........#..).oo..#....#**,,,,,,*
.........##.......#**.## **,*,,,*
....<......#......# *** ****,,,
.)....#.....#..$.## **,,
....$.##.....#..## *****,,,
..##...##.......# **,**,*,,
...#.)#.####.#.## *,,,,,,,,
.........#.###** **,,,,,*,


You could see an orc knight, 4 orc warriors, 6 orc priests, 3 orc wizards and an
orc.

Vanquished Creatures
  Pikel (D:8)
  Maurice (D:8)
  Psyche (D:8)
  A troll (D:9)
  A hornet (D:9)
  Sigmund (D:1)
  A spriggan (D:9)
  A wyvern (D:7)
  2 wargs (Orc:2)
  2 water moccasins (D:9)
  4 orc warriors
  A sky beast (D:6)
  A slave (D:8)
  4 ogres
  A phantom (D:5)
  A centaur (D:2)
  3 bullfrogs
  4 scorpions
  4 howler monkeys
  2 bullfrog zombies
  A centaur zombie (D:6)
  A quasit (D:9)
  3 orc priests
  Crazy Yiuf (D:3)
  2 hounds
  2 bullfrog skeletons (D:9)
  2 iguanas (D:6)
  Terence (D:3)
  2 orc wizards
  4 worker ants
  Robin (D:2)
  7 adders
  4 gnolls
  3 shadow imps
  2 oozes
  2 dart slugs
  7 leopard geckos
  27 orcs
  2 ball pythons
  2 giant cockroaches
  14 hobgoblins
  8 jackals
  3 quokkas
  8 bats
  7 frilled lizards
  15 goblins
  5 kobolds
  4 rats
  A spectral orc (D:6)
178 creatures vanquished.

Vanquished Creatures (others)
  A worker ant (D:8)
1 creature vanquished.

Grand Total: 179 creatures vanquished

Notes
Turn   | Place    | Note
-------+----------+-------------------------------------------
     0 | D:1      | Marnok the Minotaur Fighter began the quest for the Orb.
     0 | D:1      | Reached XP level 1. HP: 19/19 MP: 0/0
   145 | D:1      | Reached XP level 2. HP: 18/27 MP: 1/1
   310 | D:2      | Noticed Sigmund
   310 | D:2      | Noticed a centaur
   319 | D:1      | Killed Sigmund
   319 | D:1      | Reached skill level 3 in Axes
   319 | D:1      | Reached XP level 3. HP: 24/35 MP: 2/2
   319 | D:1      | Reached XP level 4. HP: 28/41 MP: 3/3
   319 | D:1      | Reached XP level 5. HP: 32/47 MP: 4/4
   434 | D:1      | Reached skill level 5 in Fighting
   799 | D:1      | Gained mutation: You are partially covered in slimy green
                  | scales. (AC +2) [potion of mutation]
   799 | D:1      | Gained mutation: Your body sometimes deteriorates upon
                  | taking damage. [potion of mutation]
   799 | D:1      | Gained mutation: Your movements are slightly less
                  | encumbered by armour. (ER -2) [potion of mutation]
   799 | D:1      | Gained mutation: Your spells are a little harder to cast,
                  | but a little more powerful. [potion of mutation]
   853 | D:1      | Reached skill level 1 in Dodging
   916 | D:2      | Reached skill level 5 in Armour
   916 | D:2      | Reached skill level 5 in Shields
  1038 | D:2      | Noticed Robin
  1047 | D:2      | Killed Robin
  1065 | D:2      | Reached skill level 4 in Axes
  1065 | D:2      | Reached XP level 6. HP: 50/56 MP: 5/5
  1754 | D:3      | You fall through a shaft!
  1848 | D:5      | Entered Level 5 of the Dungeon
  1855 | D:4      | Found a sparkling altar of Nemelex Xobeh.
  1855 | D:4      | Found a sacrificial altar of Ru.
  2275 | D:4      | Found a staircase to the Ecumenical Temple.
  2289 | Temple   | Entered the Ecumenical Temple
  2321 | Temple   | Became a worshipper of Qazlal Stormbringer
  2524 | D:3      | Noticed Terence
  2528 | D:3      | Killed Terence
  2528 | D:3      | Reached skill level 5 in Axes
  2528 | D:3      | Reached XP level 7. HP: 61/61 MP: 6/6
  2720 | D:3      | Reached * piety under Qazlal
  3047 | D:3      | Found a runed translucent door.
  3048 | D:3      | Noticed Crazy Yiuf
  3052 | D:3      | Killed Crazy Yiuf
  3392 | D:7      | Reached skill level 6 in Axes
  3490 | D:7      | Noticed a wyvern
  3499 | D:7      | Killed a wyvern
  3499 | D:7      | Reached skill level 7 in Axes
  3551 | D:6      | Reached XP level 8. HP: 58/70 MP: 7/7
  3644 | D:6      | Reached skill level 8 in Axes
  3663 | D:6      | Found a basalt altar of Yredelemnul.
  3741 | D:6      | Found a blossoming altar of Fedhas.
  3754 | D:6      | Reached ** piety under Qazlal
  3940 | D:7      | Found a radiant altar of Vehumet.
  4438 | D:8      | Noticed Maurice
  4446 | D:8      | Killed Maurice
  4446 | D:8      | Reached skill level 9 in Axes
  4446 | D:8      | Reached XP level 9. HP: 78/78 MP: 8/8
  4663 | D:8      | Noticed Psyche
  4674 | D:8      | Paralysed by Psyche for 2 turns
  4820 | D:10     | Entered Level 10 of the Dungeon
  4937 | D:9      | Reached skill level 10 in Axes
  4952 | D:9      | Noticed a troll
  4952 | D:9      | Noticed a troll
  4977 | D:8      | Killed Psyche
  4978 | D:8      | Noticed Pikel
  4989 | D:8      | Killed Pikel
  5299 | D:9      | Killed a troll
  5299 | D:9      | Reached skill level 11 in Axes
  5299 | D:9      | Reached skill level 1 in Stealth
  5299 | D:9      | Reached XP level 10. HP: 79/88 MP: 9/9
  5339 | D:9      | Found a staircase to the Orcish Mines.
  5658 | Orc:1    | Entered Level 1 of the Orcish Mines
  5851 | Orc:2    | Entered Level 2 of the Orcish Mines
  5877 | Orc:2    | Noticed an orc knight
  5934 | Orc:2    | Reached *** piety under Qazlal
  5961 | Orc:2    | HP: 1/88 [orc priest/nerve-wracking pain (6)]
  5961 | Orc:2    | Killed from afar by an orc priest

Skill      XL: |  1  2  3  4  5  6  7  8  9 10 |
---------------+-------------------------------+-----
Fighting       | 4 5 6 7 8 |  8.1
Armour         | 4 5 6 7 |  7.2
Axes           | 3 4 5 7 9 11 | 11.4
Shields        | 4 5 6 7 8 9 |  9.2
Dodging        | 1 2 3 4 |  4.9
Stealth        | 1 |  1.0

Action                   |  1- 3 |  4- 6 |  7- 9 | 10-12 || total
-------------------------+-------+-------+-------+-------++-------
Melee: War axe           |    22 |   110 |       |       ||   132
       Headbutt          |     3 |    26 |    44 |    12 ||    85
       Broad axe         |       |    29 |   253 |    40 ||   322
  Use: Scroll            |       |     7 |     6 |     4 ||    17
       Potion            |       |     2 |    10 |     2 ||    14
  Eat: Chunk             |       |     5 |     9 |     2 ||    16
Armor: Scale mail        |     5 |    63 |    62 |    16 ||   146
       Plate armour      |       |       |    30 |       ||    30
Dodge: Dodged            |    14 |    43 |    91 |    17 ||   165
Block: Shield            |    13 |    84 |   190 |    51 ||   338
